 Dungeon Crawl Stone Soup version 0.23.2-33-g5129a83184 (console) character file.

Game seed: 6528846600904519685

15 FlyingSalmon the Grave Robber (level 2, 0/20 HPs)
             Began as a Demonspawn Necromancer on Aug 1, 2019.
             Succumbed to a scorpion's poison
             ... on level 2 of the Dungeon.
             The game lasted 00:04:27 (1097 turns).

FlyingSalmon the Grave Robber (DsNe)                Turns: 1097, Time: 00:04:28

Health: 0/20       AC:  2    Str:  8    XL:     2   Next: 34%
Magic:  3/5        EV: 12    Int: 16    God:
Gold:   19         SH:  0    Dex: 13    Spells: 3/5 levels left

rFire    . . .     SeeInvis .   d - +0 dagger
rCold    . . .     Gourm    .   (no shield)
rNeg     . . .     Faith    .   a - +0 robe
rPois    .         Spirit   .   (no helmet)
rElec    .         Reflect  .   (no cloak)
rCorr    .         Harm     .   (no gloves)
MR       .....                  (no boots)
Stlth    ++........             (no amulet)
HPRegen  0.06/turn              (no ring)
MPRegen  0.09/turn              (no ring)

@: lethally poisoned (0 -> -7)
A: claws 1
a: no special abilities


You were on level 2 of the Dungeon.
You were hungry.

You visited 1 branch of the dungeon, and saw 2 of its levels.

You collected 19 gold pieces.

Inventory:

Hand Weapons
 d - a +0 dagger (weapon)
Armour
 a - a +0 robe (worn)
Jewellery
 e - a cursed ring of attention {unknown}
Scrolls
 f - a scroll of random uselessness {unknown}
 g - a scroll of immolation {unknown}
 h - 2 scrolls of teleportation {unknown}
 i - a scroll of blinking {unknown}
 j - a scroll of fear {unknown}
Potions
 b - a potion of brilliance {unknown}
Comestibles
 c - 2 rations


   Skills:
 - Level 0.4 Fighting
 - Level 0.3 Short Blades
 + Level 2.0 Dodging
 - Level 1.7 Stealth
 + Level 2.1 Spellcasting
 * Level 4.7 Necromancy


You had 3 spell levels left.
You knew the following spells:

 Your Spells              Type           Power        Failure   Level  Hunger
a - Pain                  Necr           ###.         3%          1    #......
b - Animate Skeleton      Necr           N/A          3%          1    #......

Your spell library contained the following spells:

 Spells                   Type           Power        Failure   Level  Hunger
 Vampiric Draining        Necr           ###.......   9%          3    ###....
 Regeneration             Chrm/Necr      #.........   24%         3    ###....
 Animate Dead             Necr           N/A          28%         4    #####..


Dungeon Overview and Level Annotations

Branches:
Dungeon (2/15)

Altars:


Innate Abilities, Weirdness & Mutations

You have sharp fingernails.


Message History

The scorpion barely misses you.
You hit the scorpion but do no damage.
The scorpion is moderately wounded.
The scorpion stings you!
You hit the scorpion but do no damage.
The scorpion is moderately wounded.
The scorpion stings you but does no damage.
You hit the scorpion.
The scorpion is heavily wounded.
The scorpion stings you.
* * * LOW HITPOINT WARNING * * *
You are lethally poisoned!
The scorpion poisons you!
You hit the scorpion but do no damage.
The scorpion is heavily wounded.
* * * LOW HITPOINT WARNING * * *
You feel sick. The scorpion barely misses you.
You barely miss the scorpion.
The scorpion is moderately wounded.
You die...

#### #. ..# #. #.#
#.# ### ##.## #.# ..
####...#### #.# .#
..........#####.###.#
####...##...........#
##.##.......#@...#
#.##.####.###s.##
#.##.# ##.#.#.#
#.##.######.##.#
..##..<.# ####.#
#######.# ..) #.# .?#
#.# g.# #.# ##


You could see a scorpion.

Vanquished Creatures
  4 giant cockroaches (D:1)
  A hobgoblin (D:1)
  2 kobolds (D:1)
  3 bats (D:1)
  3 rats (D:1)
13 creatures vanquished.

Vanquished Creatures (collateral kills)
  A bat (D:1)
1 creature vanquished.

Grand Total: 14 creatures vanquished

Notes
Turn   | Place    | Note
-------+----------+-------------------------------------------
     0 | D:1      | FlyingSalmon the Demonspawn Necromancer began the quest for
                  | the Orb.
     0 | D:1      | Reached XP level 1. HP: 13/13 MP: 3/3
     2 | D:1      | Learned a level 1 spell: Animate Skeleton
   480 | D:1      | Gained mutation: You have sharp fingernails. [demonic
                  | ancestry]
   480 | D:1      | Reached XP level 2. HP: 11/19 MP: 3/5
  1080 | D:2      | Noticed a scorpion
  1096 | D:2      | HP: 1/20 [poisoned by a scorpion]
  1097 | D:2      | Succumbed to a scorpion's poison

Skill      XL: |  1  2 |
---------------+-------+-----
Dodging        | 2 |  2.0
Fighting       | |  0.4
Short Blades   | |  0.3
Stealth        | |  1.7
Spellcasting   | |  2.1
Necromancy     | |  4.7

Action                   || total
-------------------------++-------
Melee: Dagger            ||    35
 Cast: Pain              ||    14
       Animate Skeleton  ||     2
  Use: Scroll            ||     1
Armor: Robe              ||    10
Dodge: Dodged            ||    22
